General information
- name: BNet
- type: Ladder team game (AT/RT)
- host: Battle.net
- saver: Chopstix
map: GnollWood
- players: 4
- length: 33:47
- speed: Fast
- version: 1.21 W3XP
- replay type: Public
» download(145 KB)
Players
team 1 (loser)
l3lader (
orange | 58 APM | 1183 actions | 20:22)
3 Lich
2 Frost Nova
1 Dark Ritual
» actions
| Assign group hotkey | 26 | |
| Basic commands | 181 | |
| Build / train | 39 | |
| ESC pressed | 2 | |
| Enter build submenu | 17 | |
| Enter hero's abilities submenu | 3 | |
| Right click | 291 | |
| Select / deselect | 257 | |
| Select group hotkey | 320 | |
| Use ability | 47 | |
1183 total
» units
| Acolyte | 2 | |
| Ghoul | 3 | |
| Crypt Fiend | 18 | |
| Meatwagon | 8 | |
31 total
» upgrades
» buildings
| Crypt | 2 | |
| Graveyard | 1 | |
| Ziggurat | 7 | |
| Altar of Darkness | 1 | |
| Nerubian Tower | 1 | |
| Halls of the Dead | 1 | |
| Tomb of Relics | 1 | |
| Slaughterhouse | 2 | |
16 total
» build order
00:16 Crypt
00:31 Graveyard
00:48 Ziggurat
01:05 Altar of Darkness
01:48 Ziggurat
02:32 Ziggurat
02:35 Nerubian Tower
03:36 Crypt
04:17 Halls of the Dead
05:36 Tomb of Relics
06:39 Slaughterhouse
06:44 Slaughterhouse
07:20 Ziggurat
07:26 Ziggurat
12:34 Ziggurat
13:19 Ziggurat
» items
Strike.Gundam (
green | 53 APM | 1800 actions | 33:42)
5 Pandaren Brewmaster
3 Breath of Fire
2 Drunken Brawler
1 Lich
1 Dark Ritual
» actions
| Basic commands | 143 | |
| Build / train | 97 | |
| Enter build submenu | 21 | |
| Enter hero's abilities submenu | 6 | |
| Right click | 928 | |
| Select / deselect | 525 | |
| Use ability | 80 | |
1800 total
» units
| Peasant | 12 | |
| Footman | 12 | |
| Knight | 5 | |
| Spell Breaker | 9 | |
| Rifleman | 3 | |
| Mortar Team | 2 | |
| Siege Engine | 11 | |
| Gargoyle | 7 | |
61 total
» upgrades
| Plating | 3 | |
| Swords | 2 | |
| Defend | 1 | |
| Masonry | 2 | |
| Gunpowder | 3 | |
| Fragmentation Shards | 1 | |
| Creature Carapace | 2 | |
| Creature Attack | 2 | |
| Barrage | 1 | |
17 total
» buildings
| Altar of Kings | 1 | |
| Barracks | 1 | |
| Farm | 9 | |
| Scout Tower | 4 | |
| Arcane Tower | 2 | |
| Keep | 1 | |
| Blacksmith | 1 | |
| Lumber Mill | 1 | |
| Castle | 1 | |
| Arcane Sanctum | 1 | |
| Arcane Vault | 1 | |
| Guard Tower | 2 | |
| Workshop | 1 | |
26 total
» build order
00:12 Altar of Kings
00:24 Barracks
00:49 Farm
01:43 Farm
02:28 Scout Tower
02:40 Farm
02:55 Arcane Tower
03:55 Keep
04:06 Blacksmith
04:46 Lumber Mill
06:35 Scout Tower
07:14 Arcane Tower
07:16 Farm
09:17 Castle
09:21 Arcane Sanctum
10:19 Farm
10:58 Arcane Vault
11:02 Farm
13:31 Scout Tower
14:13 Guard Tower
14:15 Scout Tower
14:49 Guard Tower
14:53 Farm
17:00 Farm
17:02 Farm
18:01 Workshop
» items
| Scroll of Healing | 2 | |
| Potion of Healing | 2 | |
| Orb of Fire | 1 | |
| Staff of Sanctuary | 1 | |
6 total
team 2 (winner)
Chopstix (
yellow | 78 APM | 2648 actions | 33:47)
5 Goblin Alchemist
2 Acid Bomb
3 Chemical Rage
3 Blood Mage
2 Flame Strike
1 Siphon Mana
» actions
| Assign group hotkey | 21 | |
| Basic commands | 78 | |
| Build / train | 95 | |
| ESC pressed | 2 | |
| Enter build submenu | 48 | |
| Enter hero's abilities submenu | 8 | |
| Give item / drop item | 2 | |
| Remove unit from queue | 1 | |
| Right click | 1187 | |
| Select / deselect | 281 | |
| Select group hotkey | 701 | |
| Use ability | 224 | |
2648 total
» units
| Peasant | 14 | |
| Dragonhawk Rider | 4 | |
| Gryphon Rider | 7 | |
| Knight | 5 | |
30 total
» upgrades
| Masonry | 2 | |
| Magic Sentry | 1 | |
| Swords | 1 | |
| Storm Hammers | 1 | |
| Armor | 1 | |
| Animal War Training | 1 | |
7 total
» buildings
| Altar of Kings | 1 | |
| Farm | 8 | |
| Lumber Mill | 1 | |
| Scout Tower | 24 | |
| Arcane Tower | 5 | |
| Guard Tower | 15 | |
| Keep | 1 | |
| Blacksmith | 1 | |
| Arcane Vault | 2 | |
| Castle | 1 | |
| Gryphon Aviary | 2 | |
| Arcane Sanctum | 1 | |
| Barracks | 2 | |
| Town Hall | 1 | |
65 total
» build order
00:10 Altar of Kings
00:14 Farm
00:17 Lumber Mill
00:53 Scout Tower
01:23 Arcane Tower
01:24 Farm
01:55 Scout Tower
01:58 Scout Tower
02:28 Guard Tower
02:31 Scout Tower
02:41 Scout Tower
02:44 Farm
02:52 Scout Tower
03:05 Guard Tower
03:08 Scout Tower
03:11 Arcane Tower
03:14 Scout Tower
03:44 Guard Tower
04:00 Keep
04:02 Scout Tower
04:10 Scout Tower
04:18 Guard Tower
04:21 Scout Tower
04:30 Blacksmith
05:07 Arcane Vault
05:13 Guard Tower
06:16 Guard Tower
06:24 Scout Tower
06:27 Scout Tower
06:28 Scout Tower
06:30 Castle
06:32 Gryphon Aviary
06:45 Scout Tower
07:13 Arcane Sanctum
07:23 Farm
07:59 Guard Tower
08:48 Gryphon Aviary
09:20 Farm
09:22 Scout Tower
11:07 Farm
11:37 Guard Tower
12:26 Farm
12:52 Scout Tower
13:00 Arcane Vault
13:03 Scout Tower
13:37 Guard Tower
13:41 Guard Tower
16:53 Guard Tower
21:35 Scout Tower
21:48 Scout Tower
24:12 Guard Tower
24:49 Barracks
27:39 Town Hall
27:48 Scout Tower
28:17 Guard Tower
28:19 Scout Tower
28:46 Guard Tower
28:49 Arcane Tower
28:49 Arcane Tower
28:51 Scout Tower
29:01 Barracks
29:22 Arcane Tower
29:56 Scout Tower
30:40 Guard Tower
31:30 Farm
» items
| Boots of Speed | 2 | |
| Staff of Teleportation | 2 | |
| Lesser Clarity Potion | 7 | |
| Potion of Healing | 2 | |
| Scroll of Regeneration | 1 | |
| Ivory Tower | 10 | |
| Scroll of Town Portal | 1 | |
25 total
GreedoftheNoob (
red | 65 APM | 2189 actions | 33:43)
6 Warden
3 Shadow Strike
2 Blink
1 Spirit of Vengeance
» actions
| Assign group hotkey | 5 | |
| Basic commands | 45 | |
| Build / train | 52 | |
| ESC pressed | 3 | |
| Enter build submenu | 56 | |
| Enter hero's abilities submenu | 6 | |
| Right click | 1509 | |
| Select / deselect | 319 | |
| Select group hotkey | 3 | |
| Use ability | 191 | |
2189 total
» units
» upgrades
» buildings
| Altar of Elders | 1 | |
| Moon Well | 54 | |
| Tree of Ages | 1 | |
| Ancient of Wonders | 7 | |
| Hunter's Hall | 1 | |
| Tree of Eternity | 1 | |
| Ancient of Wind | 1 | |
| Tree of Life | 3 | |
| Chimaera Roost | 2 | |
71 total
» build order
00:07 Altar of Elders
00:18 Moon Well
00:33 Moon Well
01:25 Moon Well
02:04 Moon Well
02:42 Moon Well
03:37 Tree of Ages
04:06 Moon Well
04:21 Moon Well
04:30 Ancient of Wonders
05:05 Hunter's Hall
05:15 Moon Well
06:38 Moon Well
06:41 Moon Well
06:41 Moon Well
06:42 Moon Well
07:04 Moon Well
07:05 Moon Well
07:07 Moon Well
07:08 Moon Well
08:00 Tree of Eternity
08:06 Ancient of Wonders
08:41 Moon Well
10:52 Moon Well
11:43 Moon Well
11:46 Moon Well
12:41 Moon Well
12:46 Moon Well
13:22 Moon Well
13:27 Moon Well
13:31 Moon Well
13:37 Ancient of Wonders
13:59 Ancient of Wonders
14:02 Moon Well
14:04 Moon Well
14:21 Moon Well
16:13 Moon Well
16:54 Moon Well
17:35 Moon Well
17:42 Ancient of Wonders
18:16 Moon Well
19:50 Moon Well
20:03 Ancient of Wind
20:27 Ancient of Wonders
20:52 Moon Well
20:53 Moon Well
20:54 Moon Well
20:54 Moon Well
22:05 Moon Well
22:36 Moon Well
23:06 Moon Well
23:07 Moon Well
23:08 Moon Well
23:09 Moon Well
23:10 Moon Well
23:10 Moon Well
23:41 Moon Well
23:42 Moon Well
23:46 Moon Well
23:49 Moon Well
23:50 Moon Well
23:50 Moon Well
23:51 Moon Well
23:53 Moon Well
23:54 Moon Well
24:03 Tree of Life
24:45 Chimaera Roost
24:46 Chimaera Roost
28:05 Ancient of Wonders
30:05 Tree of Life
31:08 Tree of Life
» items
| Potion of Healing | 5 | |
| Potion of Mana | 2 | |
| Moonstone | 4 | |
| Boots of Speed | 1 | |
| Potion of Lesser Invulnerability | 2 | |
| Staff of Teleportation | 1 | |
| Orb of Venom | 1 | |
| Orb of Fire | 1 | |
| Scroll of Town Portal | 1 | |
18 total
Chat log
(00:15 / Allies) GreedoftheNoob: fok or ss
(00:21 / All) Chopstix: r u serious
(00:34 / All) Strike.Gundam: dead serious
(00:34 / All) l3lader: ??
(00:39 / Allies) Chopstix: blader
(00:43 / All) Chopstix: blader
(00:45 / All) Chopstix: more like fagger
(00:52 / All) GreedoftheNoob: sigh
(00:53 / All) l3lader: ???
(00:55 / All) GreedoftheNoob: my partner is badmanner noob
(01:08 / All) l3lader: i can tell
(01:13 / All) GreedoftheNoob: pls pay him no mind
(01:14 / All) Strike.Gundam: its ok sucksdix
(01:15 / All) GreedoftheNoob: ps ur gay
(01:20 / All) Chopstix: true pro are korean not anime japanese gundum loving faggots
(02:21 / Allies) GreedoftheNoob: so
(02:22 / Allies) GreedoftheNoob: ss
(02:22 / Allies) GreedoftheNoob: or fok
(03:21 / All) Strike.Gundam: noob
(03:57 / All) Chopstix: surrend now and the footmen live
(04:50 / All) Strike.Gundam: guess what
(04:51 / Allies) GreedoftheNoob: er
(04:53 / All) Strike.Gundam: my foots lived
(04:58 / Allies) GreedoftheNoob: stupid tower placement
(05:35 / All) Chopstix: gamne
(06:53 / Allies) Chopstix: kjill
(06:58 / Allies) GreedoftheNoob: ?
(07:03 / Allies) Chopstix: sheep spie
(07:52 / All) Chopstix: surrender now and ill give the antidote
(08:41 / All) Chopstix: tsk tsk
(10:12 / Allies) Chopstix: gues ill make gryophons
(13:25 / Allies) Chopstix: do spiders have web iw onder
(19:49 / Allies) Chopstix: chims eh?
(20:17 / Allies) Chopstix: build orc store here
(20:26 / Allies) Chopstix: i meannelf
(20:30 / All) GreedoftheNoob: ol?
(22:07 / Allies) Chopstix: full wells btw
(22:35 / Allies) Chopstix: im taking this
(24:28 / Allies) GreedoftheNoob: brt
(24:38 / Allies) GreedoftheNoob: go back
(24:52 / Allies) Chopstix: i think knigts counter
(25:28 / Allies) Chopstix: need giants or something
(25:42 / Allies) Chopstix: lets powercreep then
(27:23 / Allies) GreedoftheNoob: yes
(27:27 / Allies) GreedoftheNoob: ill go kill his expo too
(27:27 / Allies) Chopstix: powercreep
(27:32 / Allies) GreedoftheNoob: im lvl 5
(27:40 / Allies) Chopstix: you hit expo then
(27:58 / Allies) Chopstix: need nlef store
(28:15 / Allies) GreedoftheNoob: they have no expands
(28:18 / Allies) GreedoftheNoob: unless there
(28:23 / Allies) GreedoftheNoob: empoty
(29:31 / Allies) Chopstix: you take
(30:16 / Allies) Chopstix: take this one
(30:29 / Allies) GreedoftheNoob: gimem some gold and i will
(30:42 / Allies) GreedoftheNoob: we turks are but a poor people
(30:45 / Allies) Chopstix: cancel noob
(31:02 / Allies) GreedoftheNoob: gold
(31:02 / Allies) Chopstix: lotsa gartgs
(31:04 / Allies) GreedoftheNoob: gimme waht you have
(32:15 / Allies) Chopstix: got 5
(32:16 / All) GreedoftheNoob: bless your heart for trying
(32:22 / All) Chopstix: what level were you guys again
(32:34 / Allies) GreedoftheNoob: ganks
(32:38 / Allies) GreedoftheNoob: send grphs
(33:05 / Allies) Chopstix: panda down
(33:24 / Allies) Chopstix: gotta watch UFC at 10 turk
(33:30 / Allies) GreedoftheNoob: when is 10
(33:33 / Allies) GreedoftheNoob: at 3am
(33:34 / Allies) GreedoftheNoob: my time
(33:35 / Allies) GreedoftheNoob: earliest
(33:41 / All) Strike.Gundam: gg